Map: Deathaura LE

Players

Kas

  • Race: Terran Terran
  • Spawn Location: 11:00

SKillous - Winner!

  • Race: Protoss Protoss
  • League: Grandmaster
  • Spawn Location: 5:00

Event: DreamHack SC2 Masters 2020 Winter

VOD

Have the link to the VOD?

Description

Time

  • Played on: Oct. 28, 2020, 11:28 a.m.
  • Length: 7:48

All games in this series

Show
View Real Time Build Order
Export as new Build Order

Kas Terran 

Build Orders: Reaper Expand 

Get SALT Encoding   

  12  0:00  SCV  
  13  0:12  SCV  
  14  0:17  Supply Depot  
  14  0:24  SCV  
  15  0:38  SCV  
  15  0:41  Barracks  
  16  0:45  Refinery  
  16  0:50  SCV  
  17  1:02  SCV  
  18  1:15  SCV  
  19  1:28  Orbital Command, Reaper  
  20  1:39  Command Center  
  20  1:48  Supply Depot  
  20  1:53  SCV  
  21  2:00  Marine  
  22  2:05  SCV  
  22  2:06  Factory  
  23  2:12  Refinery  
  23  2:18  SCV  
  23  2:21  Bunker  
  24  2:26  Barracks Reactor  
  24  2:30  SCV  
  25  2:42  SCV  
  26  2:52  Orbital Command  
  26  2:54  SCV  
  26  2:55  Starport  
  26  2:56  Factory Tech Lab  
  27  3:03  Marine x2  
  29  3:06  SCV  
  30  3:15  Cyclone  
  30  3:18  SCV  
  34  3:20  Marine  
  34  3:21  Marine, SCV  
  37  3:30  SCV  
  37  3:31  Supply Depot  
  37  3:33  SCV, Starport Tech Lab  
  39  3:36  Supply Depot  
  39  3:38  Marine  
  40  3:41  Marine  
  40  3:42  SCV  
  40  3:46  SCV  
  43  3:54  SCV  
  44  3:55  Raven  
  44  3:56  Marine  
  44  3:58  SCV  
  44  3:59  Marine  
  49  4:04  Barracks  
  49  4:07  SCV  
  50  4:11  SCV  
  50  4:12  Barracks  
  50  4:13  Refinery  
  50  4:14  Marine  
  50  4:16  Engineering Bay  
  52  4:17  Marine  
  52  4:21  SCV  
  52  4:24  SCV  
  55  4:26  Siege Tank  
  58  4:31  Supply Depot  
  58  4:32  Marine  
  58  4:33  SCV  
  58  4:35  Marine  
  58  4:36  SCV  
  62  4:40  Supply Depot  
  62  4:53  SCV x2  
  62  4:54  Terran Infantry Weapons Level 1, Starport Reactor  
  62  4:57  Marine x2  
  62  4:59  Refinery  
  66  5:04  Supply Depot  
  66  5:05  SCV x2  
  68  5:08  Combat Shield, Stimpack  
  68  5:11  Marine x2  
  70  5:15  Marine, Supply Depot  
  70  5:17  SCV x2, Factory Tech Lab  
  70  5:18  Marine  
  74  5:29  Marine, SCV  
  76  5:37  Siege Tank  
  76  5:38  Marine x2, Marauder  
  76  5:41  Barracks  
  83  5:44  Barracks  
  83  5:46  Supply Depot  
  83  5:47  Marauder  
  83  5:48  Medivac  
  83  5:49  Medivac  
  89  5:55  Marine  
  89  5:56  Marine  
  91  6:01  Marauder  
  93  6:09  Marauder  
  95  6:13  Siege Tank  
  95  6:18  Supply Depot  
  97  6:20  Marine x2  
  97  6:22  Marauder  
  101  6:27  Concussive Shells, Supply Depot  
  101  6:29  Supply Depot  
  101  6:30  Supply Depot  
  101  6:31  Marine  
  102  6:38  Supply Depot  
  102  6:39  Marine x4, SCV  
  107  6:43  Marine  
  107  6:47  Siege Tank  
  111  6:48  Medivac  
  111  6:49  Medivac  
  111  6:50  Marine  
  116  6:57  Marauder  
  120  7:01  Marauder  
  120  7:02  Marine x2  
  120  7:03  Marine  
  123  7:11  SCV, Marine  
  125  7:19  Marauder  
  125  7:20  Marine  
  127  7:24  Marauder  
Show
View Real Time Build Order
Export as new Build Order

SKillous Protoss - Winner!

Build Orders: 1 Gate Expand, Zealot Archon 

Get SALT Encoding   

  12  0:00  Probe  
  13  0:12  Probe  
  14  0:19  Pylon  
  14  0:24  Probe  
  15  0:37  Probe (Chrono Boost)  
  15  0:39  Gateway  
  16  0:46  Assimilator, Probe (Chrono Boost)  
  17  0:51  Probe (Chrono Boost)  
  18  1:03  Probe  
  19  1:15  Probe  
  20  1:26  Cybernetics Core  
  20  1:36  Nexus  
  20  1:37  Probe  
  21  1:43  Pylon  
  21  1:48  Assimilator  
  21  1:52  Probe  
  22  1:59  Adept (Chrono Boost)  
  22  2:04  Warp Gate, Probe (Chrono Boost)  
  26  2:15  Probe (Chrono Boost)  
  26  2:21  Probe (Chrono Boost)  
  26  2:22  Stalker  
  29  2:32  Probe  
  29  2:33  Robotics Facility  
  31  2:47  Probe (Chrono Boost)  
  31  2:48  Probe (Chrono Boost)  
  31  2:51  Gateway  
  32  2:52  Sentry  
  32  2:58  Probe (Chrono Boost)  
  36  2:59  Probe (Chrono Boost)  
  36  3:03  Probe (Chrono Boost)  
  37  3:08  Probe  
  38  3:15  Probe  
  39  3:20  Probe  
  39  3:22  Observer (Chrono Boost)  
  39  3:25  Nexus  
  41  3:27  Probe  
  41  3:32  Probe  
  41  3:34  Pylon  
  43  3:35  Observer (Chrono Boost)  
  43  3:41  Probe  
  45  3:42  Twilight Council  
  45  3:45  Probe  
  46  3:50  Pylon  
  46  3:53  Probe  
  47  3:56  Observer  
  47  3:57  Probe  
  49  4:04  Assimilator  
  49  4:05  Probe  
  49  4:08  Stalker  
  49  4:09  Probe  
  53  4:13  Pylon  
  53  4:17  Probe  
  53  4:20  Observer  
  53  4:21  Probe  
  56  4:29  Probe  
  57  4:33  Charge, Probe (Chrono Boost)  
  57  4:34  Forge  
  58  4:41  Probe x2 (Chrono Boost)  
  61  4:45  Probe (Chrono Boost)  
  61  4:50  Probe (Chrono Boost)  
  61  4:51  Probe (Chrono Boost)  
  61  4:52  Probe (Chrono Boost)  
  64  4:54  Gateway, Pylon  
  64  4:55  Protoss Ground Armor Level 1 (Chrono Boost)  
  64  4:56  Gateway, Probe x2 (Chrono Boost)  
  66  5:01  Gateway  
  66  5:05  Gateway, Probe (Chrono Boost)  
  66  5:06  Gateway  
  67  5:08  Pylon  
  70  5:14  Probe (Chrono Boost)  
  70  5:15  Shield Battery, Probe (Chrono Boost)  
  70  5:16  Probe (Chrono Boost)  
  70  5:19  Probe (Chrono Boost)  
  70  5:23  Probe  
  70  5:25  Probe  
  70  5:27  Templar Archives  
  73  5:31  Shield Battery  
  73  5:33  Assimilator  
  73  5:35  Pylon, Zealot  
  77  5:36  Zealot  
  77  5:38  Immortal (Chrono Boost)  
  81  5:48  Pylon  
  81  5:54  Zealot x2, Observer  
  85  5:59  Pylon  
  85  6:00  Assimilator  
  85  6:02  Assimilator, Probe x3  
  85  6:03  Stalker  
  90  6:08  Zealot x2, Observer  
  90  6:10  Gateway  
  94  6:12  Gateway  
  94  6:13  Immortal (Chrono Boost)  
  94  6:14  Probe x2  
  100  6:22  High Templar x2, Zealot x2  
  108  6:26  Archon  
  108  6:28  Pylon  
  108  6:31  Zealot x2  
  108  6:32  Zealot  
  114  6:36  Shield Battery  
  114  6:42  Pylon  
  114  6:43  High Templar x2  
  114  6:46  Immortal (Chrono Boost)  
  122  6:47  Archon  
  122  7:01  Zealot x5  
  122  7:04  Sentry  
  122  7:08  Pylon, Zealot  
  134  7:09  Pylon  
  136  7:17  Zealot  
  136  7:18  Zealot  
  140  7:26  Zealot x2  
  140  7:27  Zealot x3  
  134  7:35  Zealot x2  
  98  7:45  Zealot x3  
Tags
 
Add a new tag
Caveats
  • Supply blocks, unpowered buildings, or Contaminate may cause inaccurate times.
  • Supply counts are checked every 10 seconds.